 Dungeon Crawl Stone Soup version 0.27.1-33-g824d729ab1 (webtiles) character file.

Game seed: 1534128080345210110

6539 zeram the Carver (level 10, -6/121 HPs)
             Began as a Troll Summoner on Dec 19, 2021.
             Was a Believer of Dithmenos.
             Killed by divine providence
             ... invoked by a meliai
              (14 damage)
             ... on level 9 of the Dungeon.
             The game lasted 00:19:21 (8124 turns).

zeram the Carver (Troll Summoner)                   Turns: 8124, Time: 00:19:21

Health: -6/121     AC: 29    Str: 18    XL:     10   Next: 70%
Magic:  10/10      EV:  1    Int: 14    God:    Dithmenos [**....]
Gold:   189        SH:  5    Dex: 10    Spells: 1/11 levels left

rFire    . . .     SeeInvis .   d - +0 demon blade (venom)
rCold    . . .     Faith    .   (no shield)
rNeg     + + +     Spirit   .   (armour currently unavailable)
rPois    +         Reflect  +   (helmet currently unavailable)
rElec    .         Harm     .   (cloak currently unavailable)
rCorr    .         Rampage  .   (gloves unavailable)
Will     .....     NoTele   +   (boots unavailable)
Stlth    ++........             z - amulet of reflection
HPRegen  1.30/turn              j - +4 ring of protection
MPRegen  0.12/turn              A - +4 ring of evasion

@: tree-form, hasted, wreathed by umbra, very quick
A: stationary, stasis, torment immunity, boosted hp, large, unfitting armour,
(claws 3), regeneration 1, (shaggy fur 1), (tough skin 1)
a: Renounce Religion, Shadow Step


You were on level 9 of the Dungeon.
You worshipped Dithmenos.
Dithmenos was pleased with you.
You were a tree.
You visited 2 branches of the dungeon, and saw 10 of its levels.

You collected 621 gold pieces.
You spent 432 gold pieces at shops.

Inventory:

Hand Weapons
 d - a +0 demon blade of venom (weapon)
 m - a +0 giant spiked club
Missiles
 r - 19 poisoned darts (quivered)
 s - 2 throwing nets
Armour
 a - a +1 robe
 g - a +0 cloak of stealth (melded)
 u - +0 steam dragon scales (melded)
Jewellery
 j - a +4 ring of protection (left branch)
 l - a ring of positive energy
 o - a ring of resist corrosion
 z - an amulet of reflection (around neck)
 A - a +4 ring of evasion (right branch)
Wands
 h - a wand of polymorph (19)
 k - a wand of iceblast (17)
 n - a wand of paralysis (3)
 t - a wand of acid (5)
Scrolls
 b - 2 scrolls of magic mapping
 i - 3 scrolls of fog
 q - 2 scrolls of teleportation
 w - 2 scrolls of enchant armour
Potions
 c - 2 potions of lignification
 e - 3 potions of brilliance
 f - a potion of flight


   Skills:
 + Level 9.4 Long Blades
 - Level 0.1 Maces & Flails
 + Level 7.7 Dodging
 - Level 1.0 Stealth
 - Level 0.2 Shields
 - Level 1.2 Spellcasting
 * Level 6.6 Summonings


You had one spell level left.
You knew the following spells:

 Your Spells              Type           Power      Damage    Failure   Level
a - Summon Small Mammal   Summ           76%        N/A       1%          1
b - Call Imp              Summ           19%        N/A       2%          2
c - Call Canine Familiar  Summ           19%        N/A       4%          3
d - Summon Lightning Spi  Summ/Air       10%        N/A       54%         4

Your spell library contained the following spells:

 Spells                   Type           Power      Damage    Failure   Level
 Summon Guardian Golem    Hex/Summ       10%        N/A       21%         3
 Corpse Rot               Necr/Air       N/A        N/A       36%         2
 Poisonous Vapours        Pois/Air       0%         N/A       36%         2
 Gell's Gravitas          Tloc           0%         N/A       61%         3
 Lesser Beckoning         Tloc           0%         N/A       61%         3
 Teleport Other           Tloc           0%         N/A       61%         3
 Freezing Cloud           Conj/Ice/Air   0%         6-21      100%        5


Dungeon Overview and Level Annotations

Branches:
Dungeon (9/15)             Temple (1/1) D:5
   Lair: D:8-11         Orc: D:9-12

Altars:
Ashenzari
Cheibriados
Dithmenos
Elyvilon
Fedhas
Gozag
Hepliaklqana
Kikubaaqudgha
Makhleb
Nemelex Xobeh
Okawaru
Qazlal
Ru
Sif Muna
Trog
Uskayaw
Vehumet
Wu Jian
Xom
Yredelemnul
Zin
The Shining One

Shops:
D:9 [:(=


Innate Abilities, Weirdness & Mutations

You are a tree.
Your roots penetrate the ground, keeping you stationary.
You cannot be teleported.
You are immune to unholy pain and torment.
Your maximum health is greatly increased.
Your equipment is partially melded.
You are too large for most types of armour.
((You have claws for hands.))
Your natural rate of healing is unusually fast.
((You are covered in fur. (AC +1)))
((You have tough skin. (AC +1)))


Message History

You block the meliai's attack. The meliai misses you.
The meliai barely misses you.
You riposte.
You slash the meliai!
The meliai is poisoned.
The meliai is heavily wounded.
You block the meliai's attack.
The meliai mumbles some strange prayers to its god against you.
Something smites you!
* * * LOW HITPOINT WARNING * * *
The meliai mumbles some strange prayers to its god against you.
Something smites you!
* * * LOW HITPOINT WARNING * * *
You kill the meliai!
Dithmenos accepts your kill.
Okay, then.
Really quaff the potion of lignification? [Y]es or [N]o only, please.
Really quaff the potion of lignification? [Y]es or [N]o only, please.
Really quaff the potion of lignification?
You turn into a tree.
Your +0 cloak of stealth melds into your body.
Your +0 steam dragon scales melds into your body.
You feel less stealthy.
Your roots penetrate the ground.
You block the meliai's attack.
The meliai stings you but does no damage.
You slash the meliai!
The meliai is poisoned.
The meliai is moderately wounded.
The meliai hits you with a +0 hand axe.
* * * LOW HITPOINT WARNING * * *
The meliai stings you but does no damage.
The meliai calls upon its god to heal the meliai.
The meliai is healed somewhat.
You hit the meliai.
The meliai looks as sick as possible!
The meliai is lightly wounded.
The meliai hits you with a +0 hand axe.
* * * LOW HITPOINT WARNING * * *
The meliai stings you but does no damage.
The meliai mumbles some strange prayers to its god against you.
Something smites you!
You die...

.## #........# #.# .#
####'##################.###
.# #.# #.................#
.# ###.#
#.##.#######.#.##.# .#
#...# #.##.......).#.##.#
.#
#...####.###############.#
##
#......#..............##.#
#.#.#....###############.#
#.....##)yy♣........# #.#
#.#.#.#############... #.#
#.....# #.# ####### #


You could see 2 meliai.

Vanquished Creatures
  Pikel (D:6)
  Maggie (D:7)
  A meliai (D:9)
  Prince Ribbit (D:6)
  Grinder (D:5)
  Sigmund (D:6)
  Eustachio (D:4)
  5 yaks
  3 steam dragons
  Edmund (D:6)
  A water moccasin (D:7)
  3 sky beasts
  2 orc warriors
  An ice beast (D:6)
  A black bear (D:8)
  A necrophage (D:6)
  3 ogres
  2 centaurs
  3 phantoms
  The ghost of zeram the Sneak, an amateur GnEn (D:5)
  A kobold brigand (D:6)
  3 bullfrogs
  A water moccasin zombie (D:3)
  3 scorpions
  A wyvern skeleton (D:6)
  A water moccasin skeleton (D:6)
  4 killer bees (D:9)
  13 wights
  2 howler monkeys (D:8)
  A centaur zombie (D:8)
  2 orc priests
  Crazy Yiuf (D:6)
  A centaur skeleton (D:6)
  2 jellies
  2 gnoll shamans
  A scorpion zombie (D:3)
  2 iguanas
  5 orc wizards
  A killer bee zombie (D:8)
  A hound zombie (D:3)
  A hound skeleton (D:5)
  10 gnolls
  6 adders
  2 white imps
  2 ufetubi (D:5)
  An adder skeleton (D:4)
  A worm (D:4)
  A dart slug (D:4)
  10 orcs
  7 endoplasms
  3 giant cockroaches
  6 goblins
  2 hobgoblins
  A quokka (D:5)
  8 ball pythons
  A ball python zombie (D:3)
  3 bats
  A frilled lizard (D:3)
  10 kobolds
  5 rats
163 creatures vanquished.

Vanquished Creatures (collateral kills)
  A gnoll (D:4)
  A worm (D:2)
2 creatures vanquished.

Vanquished Creatures (others)
  9 fungi
  9 plants (D:3)
  2 withered plants (D:5)
20 creatures vanquished.

Grand Total: 185 creatures vanquished

Notes
Turn   | Place    | Note
-------+----------+-------------------------------------------
     0 | D:1      | zeram the Troll Summoner began the quest for the Orb.
     0 | D:1      | Reached XP level 1. HP: 16/16 MP: 1/1
   117 | D:1      | You fall into a shaft and drop 1 floor!
   137 | D:2      | Reached XP level 2. HP: 24/24 MP: 2/2
   151 | D:2      | Learned a level 2 spell: Call Imp
   910 | D:3      | Reached XP level 3. HP: 28/31 MP: 3/3
   971 | D:3      | Found a faded altar of an unknown god.
  1011 | D:3      | Found a basalt altar of Yredelemnul.
  1029 | D:3      | Reached XP level 4. HP: 33/39 MP: 4/4
  1050 | D:3      | Reached XP level 5. HP: 45/45 MP: 5/5
  1881 | D:4      | Noticed an ogre
  1887 | D:4      | Killed an ogre
  1888 | D:4      | Reached XP level 6. HP: 8/53 MP: 6/6
  2085 | D:4      | Noticed Eustachio
  2094 | D:4      | Reached skill level 1 in Long Blades
  2120 | D:4      | Killed Eustachio
  2569 | D:4      | Reached skill level 2 in Long Blades
  2569 | D:4      | Reached XP level 7. HP: 52/59 MP: 7/7
  2711 | D:5      | Entered Level 5 of the Dungeon
  2820 | D:5      | Learned a level 3 spell: Call Canine Familiar
  3168 | D:5      | Reached skill level 3 in Long Blades
  3168 | D:5      | Reached skill level 5 in Dodging
  3181 | D:5      | Found a runed translucent door.
  3182 | D:5      | Noticed zeram's ghost (amateur GnEn)
  3234 | D:5      | Reached skill level 4 in Long Blades
  3234 | D:5      | Reached XP level 8. HP: 54/67 MP: 8/8
  3250 | D:5      | Found a staircase to the Ecumenical Temple.
  3256 | Temple   | Entered the Ecumenical Temple
  3538 | Temple   | Became a worshipper of Dithmenos the Shadowed
  3665 | D:5      | Found an opulent altar of Gozag.
  3892 | D:5      | Reached skill level 5 in Summonings
  3893 | D:5      | HP: 5/100 [something (6)]
  4080 | D:5      | Noticed Grinder
  4099 | D:5      | Killed Grinder
  4100 | D:5      | Reached skill level 5 in Long Blades
  4293 | D:5      | Killed zeram's ghost
  4423 | D:6      | Found a runed translucent door.
  4424 | D:6      | Noticed Crazy Yiuf
  4455 | D:6      | Reached XP level 9. HP: 74/74 MP: 9/9
  4472 | D:6      | Noticed Pikel
  4492 | D:6      | Killed Pikel
  4493 | D:6      | Reached skill level 6 in Long Blades
  4646 | D:6      | Noticed Prince Ribbit
  4669 | D:6      | Killed Prince Ribbit
  4787 | D:6      | Noticed Sigmund
  4794 | D:6      | Noticed Edmund
  4800 | D:6      | Killed Sigmund
  4801 | D:6      | Reached skill level 7 in Long Blades
  4834 | D:6      | Killed Edmund
  4834 | D:6      | Reached * piety under Dithmenos
  5086 | D:6      | Found an ancient bone altar of Kikubaaqudgha.
  5275 | D:6      | Found a hazy altar of Hepliaklqana.
  5277 | D:6      | Found a faded altar of an unknown god.
  5360 | D:6      | Killed Crazy Yiuf
  5517 | D:7      | Found an ornate altar of the Wu Jian Council.
  5649 | D:7      | Noticed Maggie
  5663 | D:7      | Killed Maggie
  5752 | D:7      | Reached XP level 10. HP: 70/79 MP: 10/10
  5790 | D:7      | Reached skill level 8 in Long Blades
  6352 | D:7      | Learned a level 4 spell: Summon Lightning Spire
  6453 | D:8      | Reached ** piety under Dithmenos
  6511 | D:8      | Found a hide-covered altar of Uskayaw.
  6796 | D:8      | Found a glowing golden altar of the Shining One.
  7386 | D:9      | Found Zoosed's Antique Weapon Shop.
  7432 | D:9      | Found Fadghezo's Jewellery Emporium.
  7440 | D:9      | Bought a +4 ring of evasion for 432 gold pieces
  7533 | D:9      | Found Syjoave's Armour Shoppe.
  7571 | D:8      | Reached skill level 9 in Long Blades
  7966 | D:9      | Found Yfiu's Book Shoppe.
  8124 | D:9      | Killed from afar by a meliai

Illustrated notes

Levels and vault maps discovered:
D:1:      scummos_arrival_hexagon, layout_basic, serial_forest,
          infiniplex_forest_fountain, infiniplex_forest_split,
          infiniplex_forest_lined_2, infiniplex_forest_clump_double,
          infiniplex_forest_clump_small, infiniplex_forest_end_1,
          amethyst_killhole
D:2:      layout_basic, roderic_lattice_a, grunt_ministairs_13
D:3:      layout_loops_cross, nicolae_yredelemnul_corpse_copse,
          dreamdust_ecumenical_altar_grove, st_stairs_1, roderic_roman_lattice
D:4:      layout_loops_cross, minmay_puff, uniq_eustachio
D:5:      kennysheep_steamy, layout_basic, mainiacjoe_overflow_small_starburst,
          minmay_temple_entry_tees, gammafunk_ghost_grave, uniq_grinder
D:6:      minmay_skewed_foursquare, layout_basic, marbit_many_paths,
          beargit_hepliaklqana_dungeon_heroes, uniq_pikel, uniq_sigmund,
          uniq_edmund, uniq_prince_ribbit1, uniq_crazy_yiuf_cottage
D:7:      layout_basic, nzn_wu_jian_contemplation, uniq_maggie
D:8:      layout_loops_ring, mainiacjoe_overflow_alcove_4,
          nicolae_uskayaw_suspiria, minmay_misc_feat_diagonals
D:9:      layout_basic, serial_shops, shop, shop, shop, nicolae_square_shop,
          serial_co_window_serial, co_window_paths_a, co_window_paths_a,
          co_window_corner_a, co_window_of_opportunity_a, co_window_paths_a,
          co_window_paths_c, co_window_corner_ca, co_window_2corner,
          co_window_4corner_b, glass_columns_a, glass_columns_b,
          glass_columns_a, glass_columns_a, glass_columns_a,
          kennysheep_generic_room_2
Temple:   regret_index_temple_generic_petals

Skill      XL: |  1  2  3  4  5  6  7  8  9 10 |
---------------+-------------------------------+-----
Summonings     | 3 4 5 6 |  6.6
Dodging        | 2 3 4 5 6 7 |  7.7
Long Blades    | 2 4 5 7 9 |  9.4
Maces & Flails | |  0.1
Stealth        | |  1.0
Shields        | |  0.2
Spellcasting   | |  1.2

Action                   |  1- 3 |  4- 6 |  7- 9 | 10-12 || total
-------------------------+-------+-------+-------+-------++-------
Melee: Unarmed           |    22 |       |       |       ||    22
       Whip              |    51 |       |       |       ||    51
       Demon blade       |    47 |   121 |   349 |   233 ||   750
 Cast: Call Imp          |     1 |     5 |     2 |       ||     8
  Use: Scroll            |     5 |     6 |     3 |     5 ||    19
       Potion            |       |       |     7 |     3 ||    10
 Stab: Sleeping          |       |     1 |     2 |     3 ||     6
       Distracted        |       |       |     1 |       ||     1
Armor: Robe              |    58 |    76 |   124 |       ||   258
       Skin              |       |       |    37 |     3 ||    40
       Steam dragon scal |       |       |     4 |    56 ||    60
Dodge: Dodged            |    79 |    79 |   172 |   144 ||   474
Block: Other             |       |       |       |    40 ||    40
       Rpst.: Demon blade |    12 |    22 |    44 |    36 ||   114
